AoeStats
← Fries

Black Forest

509375389Analyzed
4v4 RM · 6d ago on Sep 26, 2026· 14m 44s· 8 players
Game mode
Random Map
Map size
Large (8 player)
Population
200
Speed
Normal
Resources
Standard
Victory
Conquest
Starting age
Dark Age
Ending age
Imperial Age
RankedLock teamsTeams togetherTeam positionsShared explorationLock speedFull tech treeHidden civsTurbo modeCheats
Victory
Defeat
🇺🇸 Saxons · United States
1566
+14
🇩🇪 Spanish · Germany
1564
+14
🇦🇷 Byzantines · Argentina
1548
+14
🇺🇦 Jurchens · Ukraine
1541
+15
🇨🇳 Khmer · China
1616
-18
🇹🇼 Persians · Taiwan
1552
-16
🇭🇰 Mongols · Hong Kong SAR China
1476
-13
🇨🇳 Teutons · China
1417
-10
207
6:07 Loom
11:08 Feudal Age
15:07 Castle Age
13:16 Double-Bit Axe
14:30 Scale Mail Armor
SCV
0:55 Loom
10:49 Feudal Age
11:20 Double-Bit Axe
Karabas
11:03 Feudal Age
14:53 Castle Age
13:21 Double-Bit Axe
13:41 Horse Collar
Captain Bananatoast
0:27 Loom
11:26 Feudal Age
Fries
5:10 Loom
5:28 Loom
QvQ5681
10:07 Feudal Age
11:28 Double-Bit Axe
14:09 Castle Age
12:09 Fishing Lines
13:27 Loom
14:21 Scale Barding Armor
14:26 Forging
15:00 Forging
15:04 Bow Saw
橙
5:25 Loom
10:14 Feudal Age
雾枝
3:19 Loom
Connection lost

Rejoining the realm…

Still unreachable

The connection could not be restored.

Session expired

The server has moved on; the page needs a fresh start.